 Dungeon Crawl Stone Soup version 0.17-a0-1951-g62301d3 (webtiles) character file.

392 Ordine the Twirler (level 6, -6/56 HPs)
             Began as a Minotaur Gladiator on Oct 3, 2015.
             Mangled by a gnoll
             ... wielding a +0 spear
              (8 damage)
             ... on level 3 of the Dungeon.
             The game lasted 00:09:09 (3347 turns).

Ordine the Twirler (Minotaur Gladiator)             Turns: 3347, Time: 00:09:09

Health: -6/56      AC:  3    Str: 19    XL:     6   Next: 51%
Magic:  5/5        EV: 13    Int:  5    God:
Gold:   132        SH:  0    Dex: 13    Spells: 0 memorised, 5 levels left

rFire  . . .     SeeInvis .     a - +0 quarterstaff
rCold  . . .     Clarity  .     b - +0 leather armour
rNeg   . . .     SustAt   .     (no shield)
rPois  .         Gourm    .     c - +0 hat
rElec  .         Spirit   .     (no cloak)
rCorr  .         Warding  .     (no gloves)
rMut   .         Stasis   .     (no boots)
MR     .....                    (no amulet)
Stlth  +.........               (no ring)
                                (no ring)

@: not resistant to hostile enchantments, very unstealthy
A: retaliatory headbutt, horns 2
a: no special abilities


You were on level 3 of the Dungeon.
You were near starving.

You visited 1 branch of the dungeon, and saw 4 of its levels.

You collected 132 gold pieces.

Inventory:

Hand weapons
 a - a +0 quarterstaff (weapon)
Missiles
 d - 3 throwing nets (quivered)
Armour
 b - a +0 leather armour (worn)
 c - a +0 hat (worn)
Scrolls
 l - a scroll of teleportation
Potions
 f - a potion of flight
 g - 2 potions of curing
 h - 2 potions of poison {unknown}
 j - 2 potions of agility {unknown}
Books
 m - a book of Cantrips

   Spells                             Type                      Level
   a - Corona                         Hexes                        1
   b - Animate Skeleton               Necromancy                   1
   c - Summon Small Mammal            Summoning                    1
   d - Apportation                    Translocation                1
Comestibles
 e - a bread ration
 i - a meat ration
 k - a beef jerky


   Skills:
 + Level 5.0 Fighting
 * Level 7.7 Staves
 - Level 2.0 Throwing
 - Level 3.2 Dodging


You had 5 spell levels left.
You didn't know any spells.

Dungeon Overview and Level Annotations

Branches:
Dungeon (4/15)
 Temple: D:4-7

Altars:
Nemelex Xobeh
Sif Muna

Annotations:
D:3 1 exclusion


Innate Abilities, Weirdness & Mutations

You reflexively headbutt those who attack you in melee.
You have a pair of horns on your head.


Message History

Okay, then.
You are too injured to fight recklessly!
You are too injured to fight recklessly!
You are too injured to fight recklessly!
You closely miss the gnoll. Your headbutt misses the gnoll.
The gnoll barely misses you. The ogre closely misses you.
You furiously retaliate!
You headbutt the ogre. You hit the gnoll.
The gnoll is moderately wounded.
The gnoll barely misses you. You furiously retaliate!
You headbutt the gnoll. The gnoll barely misses you.
The ogre barely misses you.
You hit the gnoll.
The gnoll is severely wounded.
The gnoll closely misses you. The gnoll barely misses you.
You barely miss the gnoll.
The gnoll is severely wounded.
The ogre hits you with a giant club!
* * * LOW HITPOINT WARNING * * *
The gnoll hits you with a spear!
You die...

.....# #.######......######.#
.....#####.# #......# #)###
.....'.....######......######'#..
.....#######...................##
...###.......####..............#
...# #.####....................#
...# #.##......#.#.##..........#
...# #.##......+gg..'...)).....#
...# #.##...)..#@#.##.....<....#
...###'##......#O#.##..........#
........#......#.#.##...<......#
........###......#.##..........#
##......# #.######.##.../......#
#......###.######.#######...###
#........#.##......# #...#
#........#.##......# #...#
#........#.##......# ##...####


You could see an ogre and 2 gnolls.

Vanquished Creatures
  A phantom (D:3)
  An ogre (D:4)
  A scorpion (D:3)
  A hound (D:3)
  A worker ant (D:3)
  2 gnolls
  An adder (D:2)
  3 worms
  6 orcs (D:3)
  6 bats
  6 goblins
  9 hobgoblins
  8 jackals
  6 giant cockroaches
  A giant gecko (D:2)
  5 giant newts
  11 kobolds
  13 rats
82 creatures vanquished.

Notes
Turn   | Place    | Note
--------------------------------------------------------------
     0 | D:1      | Ordine the Minotaur Gladiator began the quest for the Orb.
     0 | D:1      | Reached XP level 1. HP: 18/18 MP: 0/0
    56 | D:1      | Reached skill level 4 in Staves
   119 | D:1      | Reached XP level 2. HP: 15/25 MP: 1/1
   532 | D:1      | Found a sparkling altar of Nemelex Xobeh.
   842 | D:2      | Reached XP level 3. HP: 30/30 MP: 2/2
   860 | D:2      | Reached skill level 5 in Staves
   893 | D:2      | Found a deep blue altar of Sif Muna.
  2002 | D:3      | Reached XP level 4. HP: 38/38 MP: 3/3
  2162 | D:3      | Noticed a phantom
  2180 | D:3      | Killed a phantom
  2180 | D:3      | Reached skill level 6 in Staves
  2180 | D:3      | Reached XP level 5. HP: 12/46 MP: 4/4
  2370 | D:3      | Noticed a scorpion
  2378 | D:3      | Killed a scorpion
  2378 | D:3      | Reached skill level 7 in Staves
  2827 | D:3      | Reached XP level 6. HP: 50/53 MP: 5/5
  3323 | D:3      | Reached skill level 5 in Fighting
  3347 | D:3      | HP: 2/56 [ogre/giant club (15)]
  3347 | D:3      | Mangled by a gnoll

Vault maps used:
D:1:      mrwooster_arrival_statue, nemelex_deck
D:2:      minmay_kobold_bridge, overflow_temple_1_default, due_unseen_surprise
D:4:      serial_shops, shop

Action                   |  1- 3 |  4- 6 || total
-------------------------+-------+-------++-------
Melee: Quarterstaff      |   103 |    81 ||   184
  Use: Scroll            |     5 |     2 ||     7
       Potion            |       |     2 ||     2
  Eat: Chunk             |     3 |     3 ||     6
